 Dungeon Crawl Stone Soup version 0.29-a0-243-g602b31c20e (webtiles) character file.

Game seed: 10244652264286967175

659 spaghetti the Caller (level 7, -5/66 HPs)
             Began as a Deep Dwarf Chaos Knight on Mar 4, 2022.
             Was a Plaything of Xom.
             Slain by a mummy (11 damage)
             ... in an ossuary.
             The game lasted 00:10:14 (2360 turns).

spaghetti the Caller (Deep Dwarf Chaos Knight)      Turns: 2360, Time: 00:10:14

Health: -5/66      AC:  5    Str: 16 (17) XL:     7   Next: 30%
Magic:  6/8        EV: 11    Int: 13      God:    Xom [..*...]
Gold:   141        SH:  0    Dex: 10 (12) Spells: 9/12 levels left

rFire   + . .      SeeInvis .   a - +0 falchion (chaos) {long}
rCold   . . .      Faith    .   (no shield)
rNeg    . . .      Spirit   .   b - +2 leather armour
rPois   .          Reflect  .   (no helmet)
rElec   .          Harm     .   k - +0 cloak
rCorr   +          Rampage  .   (no gloves)
Will    +....                   g - +0 pair of boots
Stlth   +.........              (no amulet)
HPRegen 0.00/turn               f - ring of protection from fire
MPRegen 0.11/turn               l - ring of resist corrosion

@: no status effects
A: damage resistance, heal wounds, sense surroundings 1, no regeneration,
deformed body
a: Heal Wounds, Renounce Religion


You were in an ossuary.
You worshipped Xom.
You were a toy of Xom.
You visited 1 branch of the dungeon, and saw 5 of its levels.
You also visited: Ossuary.

You collected 221 gold pieces.
You spent 80 gold pieces at shops.


Innate Abilities, Weirdness & Mutations

You are resistant to damage.
You can heal yourself by infusing magical energy.
You passively map a small area around you.
You do not regenerate.
Armour fits poorly on your strangely shaped body.


   Skills:
 + Level 4.4 Fighting
 - Level 3.0 Long Blades
 - Level 2.1 Armour
 - Level 1.1 Dodging
 - Level 3.0 Spellcasting
 - Level 5.1 Summonings


You had 9 spell levels left.
You knew the following spells:

 Your Spells              Type           Power      Damage    Failure   Level
a - Call Canine Familiar  Summ           15%        N/A       11%         3

Your spell library contained the following spells:

 Spells                   Type           Power      Damage    Failure   Level
 Summon Small Mammal      Summ           60%        N/A       3%          1
 Foxfire                  Conj/Fire      4%         2x1d4     28%         1
 Shock                    Conj/Air       4%         1d3       28%         1
 Summon Guardian Golem    Hex/Summ       8%         N/A       30%         3
 Conjure Flame            Conj/Fire      1%         6-21      63%         3
 Inner Flame              Hex/Fire       1%         N/A       63%         3
 Swiftness                Air            1%         N/A       63%         3
 Summon Lightning Spire   Summ/Air       8%         N/A       69%         4
 Airstrike                Air            0%         N/A       95%         4
 Flame Wave               Conj/Fire      1%         2d4       95%         4
 Storm Form               Tmut/Air       0%         N/A       100%        7
 Maxwell's Capacitive Co  Air            0%         ∞         100%        8

Inventory:

Hand Weapons
 a - a +0 falchion of chaos (weapon) {long}
Missiles
 e - 113 stones {throwing}
 h - 5 boomerangs (quivered) {throwing}
Armour
 b - a +2 leather armour (worn)
 g - a +0 pair of boots (worn)
   (You found it on level 1 of the Dungeon)
 k - a +0 cloak (worn)
   (Xom gifted it to you on level 5 of the Dungeon)
Jewellery
 f - a ring of protection from fire (left hand)
   (You found it on level 1 of the Dungeon)
 l - a ring of resist corrosion (right hand)
   (You found it on level 5 of the Dungeon)
Scrolls
 c - 2 scrolls of fog
 i - 2 scrolls of amnesia
 j - a scroll of identify {@r1}
 m - a scroll of immolation {!r!r}
 o - 2 scrolls of teleportation {@r4}
 p - a scroll of magic mapping {unknown}
Potions
 d - a potion of curing {@q1}
 n - a potion of berserk rage {!q}

Dungeon Overview and Level Annotations

Branches:
Dungeon (5/15)            Ossuary (1/1)
 Temple: D:4-7

Altars:
Hepliaklqana
Nemelex Xobeh

Shops:
D:3 :   D:4 !

Annotations:
D:2 Natasha
D:3 exclusion: ogre

#......########......#
#....................#
#....................#
#......########......#
#...####.'..#.####...#
#..##....####.# ,##..#
#..'..........+ , #..#
#..##....####.# ##..#
#...####.h@.#.####...#
#......########......#
#....................#
#....................#
######################


You could see a friendly hound (summoned).


Message History

You lost 3 mp, and now have 4/9 mp.
You hit the human zombie. You burn the human zombie.
The adder zombie bites you.
* * * LOW HITPOINT WARNING * * *
😱 HP[-2]
You take 2 damage, and now have 14/64 hp.
You hit the adder zombie but do no damage.
The adder zombie bites you but does no damage.
Your hound barely misses the human zombie.
You hit the adder zombie.
Your hound bites the human zombie.
The adder zombie closely misses you.
Your hound bites the human zombie.
The adder zombie bites you but does no damage.
You completely miss the adder zombie.
Your hound barely misses the human zombie.
The adder zombie barely misses you. 😱 MP[+1]
You slash the adder zombie!
Your hound bites the human zombie.
The adder zombie bites you. The human zombie hits your hound.
You hit the adder zombie. You burn the adder zombie.
Your hound bites the human zombie.
The human zombie is destroyed!
The adder zombie bites you but does no damage.
Your hound barely misses the adder zombie.
You feel your intelligence returning.
You now have 66 max hp (+2).
You closely miss the adder zombie.
Your hound bites the adder zombie.
The adder zombie is destroyed!
Your hound disappears in a puff of smoke!
There is an open door here.
You open the door.
There is an open door here.
m - a scroll of immolation {!r!r} 😱 MP[+4]
Your mp is fully restored (9).
o - 2 scrolls of teleportation {@r4} Your magical essence is drained by the effort!
You feel much better. 😨 HP[+18] MP[-1]
You regained 18 hp, and now have 32/66 hp.
There is an open door here.
A gnoll zombie and a kobold zombie come into view.
There are monsters nearby!
There are monsters nearby!
There are monsters nearby!
Casting: Call Canine Familiar (dangerous; 11% risk of failure)
Confirm with . or Enter, or press ? or * to list all spells.
😨 MP[-3]
You lost 3 mp, and now have 5/8 mp.
You slash the kobold zombie!
The kobold zombie resists with significant effort.
The kobold zombie hits you but does no damage.
You completely miss the kobold zombie.
Your hound bites the kobold zombie.
The kobold zombie is destroyed!
Your hound bites the gnoll zombie.
You hit the gnoll zombie.
Your hound bites the gnoll zombie.
The gnoll zombie closely misses your hound.
Your hound bites the gnoll zombie.
You hit the gnoll zombie.
You destroy the gnoll zombie!
Your hound disappears in a puff of smoke!
You open the door.
A mummy comes into view. 😨 MP[+3]
Your mp is fully restored (8).
A mummy is nearby!
A mummy is nearby!
There is an open door here.
Casting: Call Canine Familiar (dangerous; 11% risk of failure)
Confirm with . or Enter, or press ? or * to list all spells.
😨 MP[-3]
You lost 3 mp, and now have 5/8 mp.
You hit the mummy. The mummy hits you!
* * * LOW HITPOINT WARNING * * *
😨 HP[-6]
You take 6 damage, and now have 26/66 hp.
You slash the mummy!
The mummy flickers and vanishes!
Deactivating autopickup; reactivate with Ctrl-A.
Something hits you!
* * * LOW HITPOINT WARNING * * *
😨 HP[-5]
You take 5 damage, and now have 21/66 hp.
You hit something but do no damage.
Nothing appears to happen.
You hit something. You hit something but do no damage.
There is an open door here.
You hit something but do no damage. 😨 MP[+1]
Something hits you!
* * * LOW HITPOINT WARNING * * *
You see here a scroll labelled WUUTHEGUOPU. 😱 HP[-9]
You take 9 damage, and now have 12/66 hp.
You hit something.
p - a scroll labelled WUUTHEGUOPU Something hits you!
* * * LOW HITPOINT WARNING * * *
😱 HP[-6]
You take 6 damage, and now have 6/66 hp.
You closely miss something. Something hits you!
You die...

Skill      XL: |  1  2  3  4  5  6  7 |
---------------+----------------------+-----
Fighting       | 3 4 |  4.4
Spellcasting   | 1 2 3 |  3.0
Summonings     | 2 3 5 |  5.1
Long Blades    | |  3.0
Armour         | |  2.1
Dodging        | |  1.1

Action                   |  1- 3 |  4- 6 |  7- 9 || total
-------------------------+-------+-------+-------++-------
Melee: Falchion          |    62 |   210 |    64 ||   336
       Punch             |       |     3 |     2 ||     5
Throw: Stone             |    11 |    16 |       ||    27
       Boomerang         |       |       |     3 ||     3
 Cast: Call Canine Famil |       |       |     8 ||     8
 Abil: Heal Wounds       |       |     8 |     1 ||     9
  Use: Potion            |     2 |     6 |     1 ||     9
       Scroll            |     4 |     2 |       ||     6
 Stab: Petrified         |       |    21 |       ||    21
       Confused          |       |     3 |       ||     3
       Paralysed         |       |     3 |       ||     3
Armor: Leather armour    |    25 |    68 |    30 ||   123
Dodge: Dodged            |    46 |   122 |    37 ||   205

Levels and vault maps discovered:
D:1:      ebering_trefoil_3fold, layout_basic,
          hellmonk_ecumenical_altar_watching_god
D:2:      layout_basic, uniq_natasha, uniq_sigmund
D:3:      layout_basic, mainiacjoe_overflow_24_doors, serial_shops,
          shop_fountains
D:4:      layout_basic, serial_shops, nicolae_shop_competitors_out_of_business,
          minmay_box_of_dots
D:5:      layout_rooms, makhleb_altar_promises_db,
          mainiacjoe_overflow_boulevard, nicolae_ossuary_entry_giza, uniq_ijyb
Ossuary:  minmay_ossuary_two_tombs

Notes
Turn   | Place    | Note
-------+----------+-------------------------------------------
     0 | D:1      | spaghetti the Deep Dwarf Chaos Knight began the quest for
                  | the Orb.
     0 | D:1      | Reached XP level 1. HP: 20/20 MP: 1/1
     0 | D:1      | magus.rc [v1.9.6]
    29 | D:1      | Found a faded altar of an unknown god.
    29 | D:1      | Noticed an eye of devastation
    41 | D:1      | Noticed a floating eye
    45 | D:1      | Noticed a golden eye
    45 | D:1      | Noticed a shining eye
   116 | D:1      | XOM: silly message
   119 | D:1      | Reached skill level 3 in Fighting
   232 | D:1      | You pick up a book of Callings and begin reading...
   232 | D:1      | You add the spells Summon Small Mammal, Call Canine
                  | Familiar and Summon Guardian Golem to your library.
   314 | D:1      | You pick up a book of the Sky and begin reading...
   314 | D:1      | You add the spells Summon Lightning Spire, Storm Form and
                  | Maxwell's Capacitive Coupling to your library.
   364 | D:1      | Reached XP level 2. HP: 28/28 MP: 2/2
   491 | D:1      | XOM: scenery: 1 doors open, 1 doors close
   571 | D:1      | You pick up a book of Air and begin reading...
   571 | D:1      | You add the spells Shock, Swiftness and Airstrike to your
                  | library.
   629 | D:2      | XOM: noise
   630 | D:2      | Noticed Natasha
   632 | D:2      | Noticed a crimson imp
   633 | D:2      | Noticed a crimson imp
   759 | D:3      | Reached skill level 1 in Spellcasting
   768 | D:3      | Found a sparkling altar of Nemelex Xobeh.
   899 | D:2      | You fall into a shaft and drop 1 floor!
   924 | D:3      | Found Ditziocki's Book Shop.
  1003 | D:3      | XOM: silly message
  1019 | D:3      | XOM: noise
  1050 | D:3      | XOM: noise
  1053 | D:3      | XOM: divination: magic mapping
  1056 | D:3      | Reached XP level 3. HP: 25/34 MP: 5/5
  1092 | D:3      | Noticed an ogre
  1184 | D:4      | Reached skill level 2 in Spellcasting
  1195 | D:4      | Noticed an ogre
  1199 | D:3      | XOM: divination: detect items
  1204 | D:3      | Learned a level 3 spell: Call Canine Familiar
  1230 | D:3      | Reached XP level 4. HP: 26/42 MP: 7/7
  1273 | D:4      | XOM: enchant monster (good)
  1290 | D:4      | HP: 9/42 [ogre/+0 giant club (15)]
  1299 | D:4      | Killed an ogre
  1300 | D:4      | Reached skill level 3 in Spellcasting
  1300 | D:4      | Reached skill level 2 in Summonings
  1300 | D:4      | Reached XP level 5. HP: 11/49 MP: 7/9
  1459 | D:4      | Found Cyus's Distillery.
  1466 | D:4      | Bought a potion of mutation for 80 gold pieces
  1466 | D:4      | Gained mutation: You are partially covered in iridescent
                  | scales. (AC +2) [potion of mutation]
  1466 | D:4      | Gained mutation: Armour fits poorly on your strangely
                  | shaped body. [potion of mutation]
  1552 | D:4      | Noticed an ogre
  1577 | D:4      | HP: 8/49 [gnoll/+0 whip (6)]
  1583 | D:4      | HP: 11/49 [iguana (8)]
  1589 | D:4      | XOM: potion effect (might)
  1591 | D:4      | Reached skill level 3 in Summonings
  1609 | D:5      | Entered Level 5 of the Dungeon
  1611 | D:5      | Noticed an ogre
  1611 | D:5      | XOM: enchant monster (good)
  1616 | D:5      | XOM: scenery: summon butterflies
  1620 | D:5      | XOM: confusion (+ monsters)
  1629 | D:5      | Reached XP level 6. HP: 39/56 MP: 9/9
  1630 | D:5      | XOM: divination: magic mapping
  1640 | D:5      | Reached skill level 4 in Summonings
  1654 | D:5      | You pick up a book of Flames and begin reading...
  1654 | D:5      | You add the spells Foxfire, Conjure Flame, Inner Flame and
                  | Flame Wave to your library.
  1743 | D:5      | XOM: god gift: cloak {god gift}
  1762 | D:5      | Found a hazy altar of Hepliaklqana.
  1772 | D:5      | XOM: 1-stop teleportation journey
  1847 | D:5      | XOM: cloud trail
  1902 | D:5      | Found a sand-covered staircase.
  1934 | Ossuary  | Entered an ossuary
  2013 | Ossuary  | Lost mutation: You are partially covered in iridescent
                  | scales. (AC +2) [potion of mutation]
  2013 | Ossuary  | Lost mutation: Armour fits poorly on your strangely shaped
                  | body. [potion of mutation]
  2013 | Ossuary  | Gained mutation: Armour fits poorly on your strangely
                  | shaped body. [potion of mutation]
  2081 | Ossuary  | XOM: cast spell 'Summon Ice Beast'
  2090 | Ossuary  | Reached skill level 5 in Summonings
  2090 | Ossuary  | Reached XP level 7. HP: 16/62 MP: 9/9
  2171 | Ossuary  | Reached skill level 4 in Fighting
  2248 | Ossuary  | HP: 16/64 [human zombie (4)]
  2253 | Ossuary  | HP: 14/64 [adder zombie (2)]
  2357 | Ossuary  | HP: 12/66 [something (9)]
  2360 | Ossuary  | Slain by a mummy

Vanquished Creatures
  2 ogres
  A centaur zombie (Ossuary)
  4 hounds
  A human zombie (Ossuary)
  2 iguanas
  3 mummies
  3 gnolls
  5 adders
  An ufetubus (D:4)
  3 adder zombies (Ossuary)
  5 orcs
  2 bats
  An endoplasm (D:2)
  A giant cockroach (D:1)
  3 goblins (D:1)
  2 hobgoblins
  4 jackals
  A kobold (D:4)
  4 quokkas
  3 ball pythons
  2 frilled lizards
  2 gnoll zombies (Ossuary)
  A goblin zombie (Ossuary)
  A hobgoblin zombie (Ossuary)
  A jackal zombie (Ossuary)
  A kobold zombie (Ossuary)
  2 orc zombies (Ossuary)
  3 quokka zombies (Ossuary)
  A rat (D:3)
  3 rat zombies (Ossuary)
68 creatures vanquished.

Vanquished Creatures (collateral kills)
  A centaur zombie (Ossuary)
  A human zombie (Ossuary)
  3 adder zombies (Ossuary)
  A hobgoblin zombie (Ossuary)
  A jackal zombie (Ossuary)
  4 kobold zombies (Ossuary)
  A rat zombie (Ossuary)
12 creatures vanquished.

Grand Total: 80 creatures vanquished

Table legend:
 A = Non-vault XP
 B = Vault XP
 C = Vault XP percentage of total XP
 D = Non-vault monster count
 E = Vault monster count
 F = Vault count percentage of total count
                 A         B        C        D         E       F
            +---------+---------+-------+---------+---------+-------
      Total |     656 |     286 |  30.4 |      46 |      34 |  42.5
            +---------+---------+-------+---------+---------+-------
        D:1 |      13 |       0 |   0.0 |       8 |       0 |   0.0
        D:2 |       7 |       0 |   0.0 |       4 |       0 |   0.0
        D:3 |      48 |       0 |   0.0 |      12 |       0 |   0.0
        D:4 |     293 |       0 |   0.0 |      12 |       0 |   0.0
        D:5 |     295 |      18 |   5.8 |      10 |       1 |   9.1
    Ossuary |       0 |     268 | 100.0 |       0 |      33 | 100.0
            +---------+---------+-------+---------+---------+-------

Illustrated notes

Table legend:
 A = Kills in this place as a percentage of kills in entire the game.
 B = Kills by you in this place as a percentage of kills by you in the entire game.
 C = Kills by friends in this place as a percentage of kills by friends in the entire game.
 D = Other kills in this place as a percentage of other kills in the entire game.
 E = Experience gained in this place as a percentage of experience gained in the entire game.
 F = Experience gained in this place divided by the number of levels of this place that you have seen.
                   A       B       C       D       E      F
               +-------+-------+-------+-------+-------+----------------------
         Total | 100.0 | 100.0 | 100.0 |   N/A | 100.0 | 157.0
       Dungeon |  58.8 |  69.1 |   0.0 |   N/A |  71.5 | 134.8
       Ossuary |  41.2 |  30.9 | 100.0 |   N/A |  28.5 | 268.0
               +-------+-------+-------+-------+-------+----------------------

Table legend: (Time is in decaauts)
 A = Elapsed time spent in this place.
 B = Non-inter-level travel time spent in this place.
 C = Inter-level travel time spent in this place.
 D = Time resting spent in this place.
 E = Time spent auto-exploring this place.
 F = Levels seen in this place.
 G = Mean time per level.
                   A        B        C        D        E       F      G
               +--------+--------+--------+--------+--------+-----+--------+
         Total |   2429 |   2319 |    110 |    114 |   1371 |   6 |  404.8 |
       Dungeon |   1982 |   1872 |    110 |    114 |   1194 |   5 |  396.4 |
       Ossuary |    446 |    446 |      0 |      0 |    177 |   1 |  446.0 |
               +--------+--------+--------+--------+--------+-----+--------+

Top non-repeatable levels by time:
     D:1: 612 daAuts
     D:3: 581 daAuts
 Ossuary: 446 daAuts
     D:4: 368 daAuts
     D:5: 337 daAuts
     D:2: 82 daAuts
